 Dungeon Crawl Stone Soup version 0.31.0-12-g77e489cdc1 (webtiles) character file.

Game seed: 8396853448323996394

13591 spaghetti the Bludgeoner (level 12, -13/99 HPs)
             Began as a Naga Chaos Knight on Mar 1, 2024.
             Was a Plaything of Xom.
             Mangled by a two-headed ogre
             ... wielding a +0 giant club
              (28 damage)
             ... on level 11 of the Dungeon.
             The game lasted 00:13:01 (8979 turns).

spaghetti the Bludgeoner (Naga Chaos Knight)        Turns: 8979, Time: 00:13:01

Health: -13/99     AC: 13    Str: 19 (20) XL:     12   Next: 7%
Magic:  26/26      EV:  9    Int: 16      God:    Xom [...*..]
Gold:   1626       SH:  0    Dex: 18      Spells: 23/32 levels left

rFire   . . .        d - +10 morningstar of Mourning {flame, Str+2}
rCold   . . .        (no shield)
rNeg    . . .        q - +3 leather armour
rPois   +            t - +0 helmet of the World {Int+3}
rElec   .            x - +1 cloak
rCorr   .            k - +1 pair of gloves
SInv    +            (no barding)
Will    +....        h - amulet of the acrobat
Stlth   +            o - ring of wizardry
HPRegen 1.16/turn    s - +6 ring of dexterity
MPRegen 0.20/turn

%: acrobat, wizardry (x1)
@: slowed, studying Spellcasting, very slow
A: AC +4, large, see invisible, deformed body, poison resistance, slowness 2,
spit poison 1, naga tail 1, deterioration 1, regeneration 1, screaming 1,
inability to read after injury 1
a: Spit Poison, Renounce Religion


You were on level 11 of the Dungeon.
You worshipped Xom.
You were a favourite toy of Xom.
You visited 1 branch of the dungeon, and saw 11 of its levels.

You collected 1842 gold pieces.
You spent 216 gold pieces at shops.

Inventory:

Hand Weapons
 d - the +10 morningstar of Mourning (weapon) {flame, Str+2}
   (You bought it in a shop on level 1 of the Dungeon)

   Str+2:     It affects your strength (+2).
Missiles
 f - 5 curare-tipped darts
Armour
 a - a +2 leather armour
 k - a +1 pair of gloves (worn)
 m - the +0 scale mail "Vaiqaav" {rF- rN+ Regen+ Stlth+}
   (You found it on level 5 of the Dungeon)

   rF-:       It makes you vulnerable to fire.
   rN+:       It protects you from negative energy.
   Regen+:    It increases your rate of health regeneration.
   Stlth+:    It makes you more stealthy.
 q - a +3 leather armour (worn)
 t - the +0 helmet of the World (worn) {Int+3}
   (You found it on level 5 of the Dungeon)

   Int+3:     It affects your intelligence (+3).
 x - a +1 cloak (worn)
Jewellery
 h - an amulet of the acrobat (around neck)
 n - a +5 ring of evasion
 o - a ring of wizardry (left hand)
 r - a ring of protection from cold
 s - a +6 ring of dexterity (right hand)
Wands
 g - a wand of mindburst (1)
 u - a wand of digging (5)
 y - a wand of polymorph (3)
Scrolls
 b - a scroll of butterflies
 c - 2 scrolls of vulnerability
 j - a scroll of blinking
 p - 4 scrolls of teleportation
 w - a scroll of silence
 A - a scroll of fog
Potions
 e - 6 potions of curing
 i - 5 potions of enlightenment
 l - a potion of haste
 v - 2 potions of lignification
 z - a potion of brilliance
 B - a potion of might


   Skills:
 - Level 4.0 Fighting
 + Level 15.9 Maces & Flails
 - Level 1.5 Armour
 - Level 0.7 Dodging
 - Level 3.9 Unarmed Combat
 + Level 10.8 Spellcasting


You had 23 spell levels left.
You knew the following spells:

 Your Spells              Type           Power      Damage    Failure   Level
a - Blink                 Tloc           16%        N/A       6%          2
b - Animate Armour        Summ/Erth      16%        N/A       36%         4
c - Swiftness             Air            8%         N/A       12%         3

Your spell library contained the following spells:

 Spells                   Type           Power      Damage    Failure   Level
 Shock                    Conj/Air       32%        1d5       4%          1
 Cigotuvi's Dreadful Rot  Necr/Alch/Air  16%        N/A       6%          2
 Lesser Beckoning         Tloc           16%        N/A       6%          2
 Momentum Strike          Conj/Tloc      16%        3d8       6%          2
 Stone Arrow              Conj/Erth      16%        3d8       12%         3
 Airstrike                Air            4%         2d(1-17)  36%         4
 Dispel Undead            Necr           8%         3d8       36%         4
 Martyr's Knell           Necr/Summ      8%         N/A       36%         4
 Death Channel            Necr           4%         N/A       99%         6
 Lehudib's Crystal Spear  Conj/Erth      4%         10d3      100%        8


Dungeon Overview and Level Annotations

Branches:
Dungeon (11/15)            Temple (0/1) D:6             Orc (0/2) D:9
   Lair: D:8-11

Altars:
Ashenzari
Cheibriados
Elyvilon
Kikubaaqudgha
Trog
Yredelemnul
Zin

Shops:
D:1 (*[*(   D:11 [

Annotations:
D:9 3 runed translucent doors, Valrug's ghost, novice DsFE


Innate Abilities, Weirdness & Mutations

Your serpentine skin is tough. (AC +4)
You have supernaturally acute eyesight. (SInv)
Armour fits poorly on your strangely shaped body.
Your system is resistant to poisons. (rPois)
You cover ground very slowly.
You can spit poison.
You have a snake-like lower body.
Your body sometimes deteriorates upon taking damage.
Your natural rate of healing is unusually fast.
You occasionally shout uncontrollably at your foes.
You occasionally lose the ability to read scrolls when taking damage.


Message History

The wraith is moderately damaged.
You barely miss the wraith.
The wraith is moderately damaged.
A nearby plant withers and dies.
The wraith hits you!
You hit the wraith. You burn the wraith.
The wraith is moderately damaged.
The two-headed ogre barely misses you.
The two-headed ogre hits you with a +0 giant club.
The wraith hits you but does no damage.
You hit the wraith. You burn the wraith.
The wraith is heavily damaged.
The wraith hits you!
Your body deteriorates!
You feel weakened. The wraith drains your vigour!
You feel yourself slow down.
You barely miss the wraith. Your punch misses the wraith.
The wraith is heavily damaged.
The two-headed ogre barely misses you. The two-headed ogre closely misses you.
The wraith barely misses you.
Unknown command.
You hit the wraith but do no damage.
The wraith is heavily damaged.
The two-headed ogre hits you with a +0 giant club!!
The two-headed ogre hits you with a +0 giant club!
The wraith hits you but does no damage.
You bludgeon the wraith!! You burn the wraith.
You destroy the wraith!
Unknown command.
You puncture the two-headed ogre! You burn the two-headed ogre.
The two-headed ogre is moderately wounded.
The two-headed ogre hits you with a +0 giant club!!
* * * LOW HITPOINT WARNING * * *
The two-headed ogre hits you with a +0 giant club!
* * * LOW HITPOINT WARNING * * *
Unknown command.
You sock the two-headed ogre! You burn the two-headed ogre.
You punch the two-headed ogre.
The two-headed ogre is heavily wounded.
The two-headed ogre hits you with a +0 giant club!!
You die...
Xom is highly amused!

P.P.P....#+###........#
...P......##........##
.P..P.....##.^........
#P.PP...##..........
#P..P...##..........
#P.P...# #...#######
.####PP...####...#
......PP.........#
P...P.P@.........#
.P.P.PO..........#
........######...#
P.....### #...# #..##.
....# ######## #.. #.
###+# ........ # #
....... .....#


You could see a two-headed ogre.

Vanquished Creatures
  Erica (D:8)
  A flayed ghost (D:9)
  A salamander (D:8)
  Maurice (D:8)
  An ugly thing (D:11)
  The ghost of superradish the Martial Artist, a novice OpSh of Kikubaaqudgha (D:5)
  A gargoyle (D:10)
  3 trolls
  A hornet (D:9)
  A glass eye (D:8)
  A shadow (D:9)
  A wyvern (D:8)
  3 wraiths
  Eustachio (D:4)
  4 fire bats (D:8)
  A fire elemental (D:8)
  13 yaks
  3 vampire mosquitoes (D:11)
  2 steam dragons
  An acid dragon (D:11)
  2 water moccasins
  A hell hound (D:8)
  An ice beast (D:6)
  3 orc warriors
  3 sky beasts
  3 black bears
  4 centaurs
  A tengu (D:8)
  3 ogres
  4 lemures (D:8)
  A kobold brigand (D:7)
  3 bullfrogs
  2 gnoll sergeants (D:6)
  A scorpion (D:11)
  17 wights
  14 killer bees
  4 howler monkeys
  A bombardier beetle (D:5)
  A lava snake (D:8)
  7 orc priests
  A gnoll bouda (D:6)
  2 hounds
  6 jellies
  Terence (D:2)
  3 iguanas
  15 orc wizards
  2 sleepcaps (D:6)
  6 adders
  2 shadow imps
  2 white imps
  2 ufetubi (D:5)
  A ribbon worm (D:2)
  2 dart slugs
  30 orcs
  6 endoplasms
  2 giant cockroaches
  4 goblins
  6 hobgoblins
  2 jackals (D:4)
  6 kobolds
  3 quokkas
  4 ball pythons
  3 bats (D:1)
  3 frilled lizards
  5 rats
237 creatures vanquished.

Vanquished Creatures (collateral kills)
  A vampire mosquito (D:6)
  An orc warrior (D:6)
  A bullfrog (D:6)
  2 killer bees (D:8)
  A hound (D:6)
  An iguana (D:6)
  An ufetubus (D:6)
  An orc (D:6)
9 creatures vanquished.

Vanquished Creatures (others)
  A yak (D:8)
1 creature vanquished.

Grand Total: 247 creatures vanquished

Notes
Turn   | Place    | Note
-------+----------+-------------------------------------------
     0 | D:1      | spaghetti the Naga Chaos Knight began the quest for the
                  | Orb.
     0 | D:1      | Reached XP level 1. HP: 21/21 MP: 1/1
    86 | D:1      | Found Ihedgh's Armour Emporium.
   118 | D:1      | Found a faded altar of an unknown god.
   137 | D:1      | Reached XP level 2. HP: 23/28 MP: 2/2
   335 | D:1      | XOM: divination: detect items
   342 | D:1      | Found Teireb's Antique Weapon Shop.
   428 | D:1      | XOM: silly message
   536 | D:1      | Found Ran Hanko's Assorted Antiques.
   564 | D:1      | Found Irisajish's General Store.
   887 | D:1      | Found Tugareif's Weapon Shoppe.
   915 | D:2      | Noticed Terence
   930 | D:2      | Killed Terence
   931 | D:2      | Reached XP level 3. HP: 25/36 MP: 3/3
  1308 | D:2      | Reached XP level 4. HP: 39/44 MP: 4/4
  1369 | D:2      | Identified a scroll of acquirement
  1372 | D:2      | Acquired 1041 gold pieces
  1413 | D:1      | Bought a dazzling morningstar for 216 gold pieces
  1413 | D:1      | Identified the +10 morningstar of Mourning {flame, Str+2}
                  | (You bought it in a shop on level 1 of the Dungeon)
  1413 | D:1      | XOM is BORED!
  1765 | D:3      | You fall into a shaft and drop 3 floors!
  1775 | D:6      | Noticed an ice beast
  1779 | D:6      | Reached skill level 1 in Maces & Flails
  1781 | D:6      | Killed an ice beast
  1782 | D:6      | Reached skill level 3 in Maces & Flails
  1782 | D:6      | Reached XP level 5. HP: 36/50 MP: 5/5
  1784 | D:6      | Reached skill level 4 in Maces & Flails
  1876 | D:6      | Reached XP level 6. HP: 47/57 MP: 6/6
  1920 | D:6      | Reached skill level 5 in Maces & Flails
  1923 | D:6      | XOM: smoke on damage
  2049 | D:6      | Reached XP level 7. HP: 58/64 MP: 7/7
  2070 | D:6      | Found a staircase to the Ecumenical Temple.
  2073 | D:6      | XOM: silly message
  2077 | D:6      | Reached skill level 6 in Maces & Flails
  2208 | D:6      | Identified the serpent talisman "Jyhuaroywk" {rElec Str+3}
  2218 | D:6      | Reached skill level 7 in Maces & Flails
  2222 | D:6      | XOM: divination: detect creatures
  2234 | D:6      | XOM: give mutations
  2234 | D:6      | Gained mutation: Your health recovers twice as slowly from
                  | being drained. [Xom's mischief]
  2234 | D:6      | Gained mutation: You occasionally lose the ability to read
                  | scrolls when taking damage. [Xom's mischief]
  2500 | D:6      | Reached XP level 8. HP: 64/72 MP: 8/8
  2569 | D:6      | XOM: butterfly on damage
  2572 | D:6      | Reached skill level 8 in Maces & Flails
  2668 | D:6      | XOM: noise
  2705 | D:6      | Reached skill level 9 in Maces & Flails
  2734 | D:6      | Reached skill level 10 in Maces & Flails
  2736 | D:6      | Reached XP level 9. HP: 51/78 MP: 9/9
  2742 | D:6      | XOM: give mutations
  2742 | D:6      | Lost mutation: Your health recovers twice as slowly from
                  | being drained. [Xom's mischief]
  2742 | D:6      | Gained mutation: Your body sometimes deteriorates upon
                  | taking damage. [Xom's mischief]
  2742 | D:6      | Gained mutation: You are vulnerable to heat. (rF-) [Xom's
                  | mischief]
  2882 | D:6      | XOM: repel stairs
  3017 | D:6      | Reached skill level 11 in Maces & Flails
  3387 | D:5      | Entered Level 5 of the Dungeon
  3410 | D:5      | Identified the +0 scale mail "Vaiqaav" {rF- rN+ Regen+
                  | Stlth+}
  3447 | D:5      | Found a runed translucent door.
  3466 | D:5      | Noticed superradish's ghost (novice OpSh)
  3477 | D:5      | Killed superradish's ghost
  3480 | D:5      | XOM: stat loss: -1 Int (10/12)
  3629 | D:5      | Identified the +0 helmet of the World {Int+3}
  3955 | D:5      | Reached skill level 12 in Maces & Flails
  4199 | D:4      | Noticed Eustachio
  4206 | D:4      | Killed Eustachio
  4458 | D:4      | Found a bloodstained altar of Trog.
  4544 | D:3      | XOM: give mutations
  4544 | D:3      | Gained mutation: You can exhale a cloud of poison. [Xom's
                  | mischief]
  4544 | D:3      | Lost mutation: You can exhale a cloud of poison. [Xom's
                  | mischief]
  4544 | D:3      | Gained mutation: Your spells are a little easier to cast,
                  | but a little less powerful. [Xom's mischief]
  4544 | D:3      | Gained mutation: Your natural rate of healing is unusually
                  | fast. [Xom's mischief]
  5229 | D:5      | XOM: give mutations
  5229 | D:5      | Lost mutation: Your spells are a little easier to cast, but
                  | a little less powerful. [Xom's mischief]
  5229 | D:5      | Lost mutation: You are vulnerable to heat. (rF-) [Xom's
                  | mischief]
  5229 | D:5      | Gained mutation: You occasionally shout uncontrollably at
                  | your foes. [Xom's mischief]
  5235 | D:5      | XOM: silly message
  5409 | D:5      | XOM: silly message
  5582 | D:5      | XOM is BORED!
  5644 | D:5      | Found a broken altar of Ashenzari.
  5681 | D:5      | Found a white marble altar of Elyvilon.
  5779 | D:7      | Reached skill level 13 in Maces & Flails
  5779 | D:7      | Reached XP level 10. HP: 85/85 MP: 10/10
  5790 | D:7      | XOM: divination: detect creatures
  5931 | D:7      | Learned a level 2 spell: Blink
  5936 | D:7      | Learned a level 4 spell: Animate Armour
  5940 | D:7      | Learned a level 3 spell: Swiftness
  6001 | D:7      | XOM: enchant monster (bad)
  6006 | D:7      | Reached skill level 1 in Spellcasting
  6068 | D:7      | Noticed an angel
  6069 | D:7      | Found a glowing silver altar of Zin.
  6400 | D:8      | Noticed Erica
  6409 | D:8      | Killed Erica
  6411 | D:8      | Noticed Pikel
  6411 | D:8      | XOM: 1-stop teleportation journey
  6412 | D:8      | XOM: enchant monster (good)
  6427 | D:8      | Noticed Maurice
  6441 | D:8      | Pikel changed into Pikel the salamander
  6441 | D:8      | Noticed Pikel
  6441 | D:8      | XOM: polymorph Pikel -> Pikel the salamander
  6446 | D:8      | XOM: summons 3 hostile demons
  6447 | D:8      | Reached skill level 14 in Maces & Flails
  6453 | D:8      | Killed Pikel the salamander
  6471 | D:8      | XOM: enchant monster (bad)
  6472 | D:8      | Maurice stole a ring of protection from cold
  6474 | D:8      | XOM: cast spell 'Iskenderun's Battlesphere'
  6477 | D:8      | Killed Maurice
  6478 | D:8      | Reached skill level 5 in Spellcasting
  6524 | D:8      | XOM: confusion
  6532 | D:8      | XOM: polymorph steam dragon -> tengu
  6553 | D:8      | Reached XP level 11. HP: 92/92 MP: 19/19
  6713 | D:8      | Acquired a manual of Spellcasting
  6740 | D:8      | Found a flagged portal.
  6815 | D:8      | XOM: polymorph lava snake -> glass eye
  6862 | D:8      | Identified the +1 spear of the Ageing Oracle {antimagic,
                  | ^Contam rElec rC+++ rCorr}
  6968 | D:8      | XOM: torment (47/92 hp)
  7101 | D:9      | Identified the +2 chain mail "Noox" {rElec rPois rF- Will+}
  7126 | D:9      | Found a snail-covered altar of Cheibriados.
  7145 | D:9      | Found a runed translucent gate.
  7239 | D:9      | Found a runed translucent gate.
  7239 | D:9      | Found a runed translucent gate.
  7239 | D:9      | Noticed Valrug's ghost (novice DsFE)
  7303 | D:9      | XOM: potion effect (invisibility)
  7378 | D:9      | XOM: divination: detect items
  7424 | D:9      | Found a transporter.
  7428 | D:9      | XOM: confuse monster(s)
  7430 | D:9      | Noticed a flayed ghost
  7430 | D:9      | Found an ancient bone altar of Kikubaaqudgha.
  7430 | D:9      | Found a basalt altar of Yredelemnul.
  7438 | D:9      | Reached skill level 15 in Maces & Flails
  7441 | D:9      | Killed a flayed ghost
  7443 | D:9      | Found a transporter.
  7449 | D:9      | Identified the +4 dagger of Sudden Death {freeze, Int+6}
  7690 | D:9      | Found a staircase to the Orcish Mines.
  7793 | D:10     | Entered Level 10 of the Dungeon
  7879 | D:10     | XOM: summons 11 friendly demons
  7988 | D:10     | XOM: scenery: 1 doors open
  7991 | D:10     | XOM: confusion (+ monsters)
  8029 | D:10     | XOM: enchant monster (bad)
  8183 | D:10     | Identified the +0 quarterstaff of Eminent Domain {flame,
                  | rCorr Str-2 Int+6}
  8367 | D:10     | XOM: summons 3 hostile shadow creatures
  8383 | D:10     | XOM: silly message
  8386 | D:10     | Reached skill level 10 in Spellcasting
  8694 | D:11     | Noticed a purple ugly thing
  8699 | D:11     | XOM: 2-stop teleportation journey
  8709 | D:11     | Killed a purple ugly thing
  8748 | D:11     | Found Aclyrecs's Armour Emporium.
  8832 | D:11     | XOM: summons friendly quasit
  8839 | D:11     | Reached XP level 12. HP: 90/99 MP: 26/26
  8964 | D:11     | Noticed a two-headed ogre
  8979 | D:11     | Mangled by a two-headed ogre

Illustrated notes

Levels and vault maps discovered:
D:1:      arrival_zaba_pyramid, layout_basic, ebering_ecumenical_altar_webs,
          serial_shops, shop, nicolae_shop_overgrown_old_shop, shop,
          nicolae_shop_pleasant_corner_grove, shop,
          chequers_serial_rivers_micro_c, minmay_hexomino_f4
D:2:      layout_rooms, uniq_terence
D:3:      layout_loops_ring, dreamdust_mushroom_princess
D:4:      layout_rooms, trog_three_pillars_becter, uniq_eustachio
D:5:      layout_basic, nicolae_elyvilon_temple_path,
          lemuel_coloured_pillars_altar, ebering_ghost_sewer_d
D:6:      layout_loops_cross, minmay_temple_entry_grid, nzn_random_ring
D:7:      layout_loops_ring, zin_angel
D:8:      layout_rooms, enter_bailey_8, hangedman_incinerator, uniq_pikel,
          uniq_maurice, uniq_erica
D:9:      layout_cave_pools, kennysheep_little_box, gammafunk_temple_of_torment,
          orc_0_dummy, gammafunk_ghost_nasty_kobolds
D:10:     layout_irregular_city
D:11:     layout_stronghold, grunt_lair_entry_orc_guard_hut, serial_shops,
          nicolae_shop_statue_plus, guppyfry_shop_venom

Skill      XL: |  1  2  3  4  5  6  7  8  9 10 11 |
---------------+----------------------------------+-----
Fighting       | 4 |  4.0
Maces & Flails | 3 4 5 7 10 13 14 15 | 15.9
Spellcasting   | 5 10 | 10.8
Armour         | |  1.5
Dodging        | |  0.7
Unarmed Combat | |  3.9

Action                     |  1- 3 |  4- 6 |  7- 9 | 10-12 || total
---------------------------+-------+-------+-------+-------++-------
  Melee: Unarmed           |    57 |       |       |       ||    57
         Punch             |     1 |       |     3 |     6 ||    10
         Morningstar       |       |    30 |   148 |   324 ||   502
  Throw: Dart              |     1 |       |       |       ||     1
Ability: Spit Poison       |    23 |     3 |    37 |    43 ||   106
  Evoke: Wand              |       |       |       |     8 ||     8
    Use: Scroll            |       |     6 |     5 |     5 ||    16
         Potion            |       |       |     9 |     2 ||    11
   Stab: Invisible         |       |       |       |     5 ||     5
         Distracted        |       |       |       |     1 ||     1
         Confused          |       |       |       |     1 ||     1
 Armour: Leather armour    |    37 |    23 |    81 |   235 ||   376
  Dodge: Dodged            |    35 |    16 |    84 |   215 ||   350
